Map: Eastwatch LE

Players

Cuddlebear - Winner!

  • Race: Terran Terran
  • League: Master
  • Spawn Location: 7:00

Axis

  • Race: Terran Terran
  • League: Master
  • Spawn Location: 1:00

VOD

Have the link to the VOD?

Description

TvT copy

Time

  • Played on: Jan. 26, 2018, 9:18 p.m.
  • Length: 19:05
Show
View Real Time Build Order
Export as new Build Order

Cuddlebear Terran - Winner!

Build Orders: Mech 

Get SALT Encoding   

  12  0:00  SCV  
  13  0:12  SCV  
  14  0:16  Supply Depot  
  14  0:24  SCV  
  14  0:27  Refinery  
  15  0:38  SCV  
  15  0:41  Barracks  
  16  0:46  Refinery  
  16  0:50  SCV  
  17  1:02  SCV  
  18  1:14  SCV  
  20  1:33  Reaper  
  20  1:34  Orbital Command  
  20  1:46  Command Center  
  20  2:00  Refinery, SCV  
  21  2:05  Reaper  
  21  2:07  Supply Depot  
  22  2:12  SCV  
  23  2:29  SCV  
  24  2:32  Factory  
  24  2:40  Barracks Reactor  
  24  2:41  SCV  
  25  2:53  SCV  
  26  2:59  Orbital Command  
  26  3:05  SCV  
  27  3:22  SCV  
  27  3:23  Command Center  
  28  3:34  SCV  
  29  3:42  Cyclone x2  
  35  3:49  SCV  
  35  3:52  SCV  
  37  3:59  Refinery x2  
  37  4:01  SCV  
  38  4:04  SCV  
  39  4:13  SCV  
  39  4:14  Cyclone x2  
  46  4:26  Supply Depot  
  46  4:27  Engineering Bay  
  46  4:31  SCV x2  
  46  4:35  Orbital Command  
  46  4:38  Barracks Reactor  
  48  4:41  Factory  
  48  4:43  SCV  
  49  4:46  Cyclone  
  49  4:50  Cyclone  
  49  4:51  SCV  
  56  4:55  SCV  
  57  5:01  SCV  
  57  5:03  SCV  
  59  5:07  SCV  
  59  5:13  SCV  
  61  5:15  SCV  
  61  5:19  Armory, SCV  
  61  5:20  Armory  
  63  5:25  SCV  
  63  5:26  Cyclone  
  63  5:28  Cyclone  
  70  5:29  SCV  
  70  5:32  SCV  
  70  5:34  Cyclone  
  75  5:38  SCV  
  77  5:47  Refinery  
  77  5:49  Refinery  
  77  5:52  SCV  
  77  5:53  Supply Depot  
  77  5:55  Supply Depot  
  77  5:57  Supply Depot  
  77  6:08  Starport  
  77  6:10  Terran Vehicle And Ship Armor Level 1, Terran Vehicle Weapons Level 1  
  77  6:11  Starport  
  77  6:13  Factory Tech Lab  
  77  6:15  Hellion x2  
  77  6:16  SCV x2  
  82  6:19  SCV  
  83  6:28  SCV x2  
  83  6:31  SCV  
  86  6:35  Siege Tank, Liberator  
  86  6:36  Infernal Pre-Igniter  
  86  6:38  Hellion  
  86  6:39  Hellion  
  93  6:40  SCV  
  93  6:41  SCV  
  93  6:43  Barracks Tech Lab, Factory  
  93  6:44  SCV  
  95  6:50  Viking  
  95  6:52  SCV  
  101  6:54  SCV  
  101  6:56  SCV  
  103  7:04  SCV  
  103  7:06  SCV  
  103  7:07  Hellion x2  
  109  7:19  Supply Depot  
  109  7:21  Supply Depot  
  109  7:31  SCV x3  
  109  7:32  Siege Tank  
  109  7:36  Hellion x2, Factory Tech Lab  
  105  7:39  Ghost Academy  
  96  7:45  Barracks  
  96  7:46  Barracks  
  96  7:47  Viking x3  
  99  7:51  Barracks Tech Lab  
  99  7:55  SCV  
  99  7:56  Siege Tank  
  103  8:02  SCV  
  105  8:14  SCV x2  
  105  8:18  Ghost  
  105  8:19  Nuke  
  108  8:21  Command Center, Terran Vehicle Weapons Level 2  
  108  8:28  Terran Infantry Weapons Level 1  
  108  8:35  SCV  
  108  8:36  Barracks Tech Lab x2  
  108  8:38  Siege Tank x2  
  108  8:39  Hellion x2  
  108  8:40  Command Center  
  119  8:44  SCV x2  
  121  8:50  Ghost  
  121  8:52  SCV  
  124  9:02  Ghost  
  124  9:03  Moebius Reactor  
  124  9:05  SCV  
  124  9:09  Liberator  
  125  9:13  Viking, SCV  
  125  9:22  Viking  
  125  9:25  SCV  
  125  9:32  Ghost x3  
  125  9:33  SCV x2  
  125  9:37  Supply Depot x2  
  125  9:38  Supply Depot x2  
  133  9:40  Supply Depot  
  133  9:41  Supply Depot  
  133  9:42  Planetary Fortress  
  133  9:43  Ghost Academy  
  133  9:46  Refinery  
  133  9:47  Ghost Academy, Refinery  
  133  9:48  Ghost Academy  
  133  9:55  Hellion x2, Siege Tank  
  133  9:56  Siege Tank  
  143  10:00  Planetary Fortress  
  143  10:07  Ghost  
  145  10:14  Missile Turret  
  145  10:16  Missile Turret  
  145  10:19  Ghost x2  
  149  10:22  SCV  
  149  10:23  SCV x3  
  149  10:27  Refinery  
  153  10:33  Sensor Tower  
  153  10:37  SCV  
  153  10:39  Ghost  
  153  10:42  Hellion x3  
  162  10:43  Hellion  
  162  10:48  Ghost  
  166  10:53  Refinery  
  166  10:56  SCV x3  
  169  11:03  Ghost, Hellion  
  173  11:04  Nuke  
  173  11:05  Nuke x2  
  173  11:08  Nuke  
  173  11:09  Terran Vehicle And Ship Armor Level 2  
  173  11:10  SCV x2  
  173  11:11  SCV x2  
  177  11:24  Ghost x2  
  179  11:37  Terran Vehicle Weapons Level 3  
  175  11:49  Hellion x2, Siege Tank x2  
  175  11:52  Command Center  
  175  12:04  Command Center  
  175  12:12  Command Center  
  175  12:28  Nuke x3  
  175  12:30  Ghost  
  175  12:31  Ghost x2  
  175  12:33  SCV  
  177  12:45  Siege Tank  
  177  12:46  Hellion x2, Refinery x2, Siege Tank  
  187  12:52  SCV  
  187  12:54  Command Center  
  187  12:55  Command Center  
  188  12:59  Ghost  
  188  13:02  Command Center  
  190  13:09  Starport Tech Lab  
  190  13:11  Ghost x2  
  190  13:12  Fusion Core, Starport  
  194  13:13  Starport x2  
  194  13:17  Medivac x2  
  194  13:20  Planetary Fortress  
  194  13:25  Planetary Fortress  
  194  13:27  Planetary Fortress  
  194  13:31  Refinery  
  188  13:41  Ghost x3  
  185  13:43  Hellion, Siege Tank x2  
  191  14:09  Ghost  
  171  14:15  Siege Tank x2  
  166  14:20  Hellion  
  166  14:21  Viking x2  
  165  14:27  Hellion  
  156  14:37  Ghost x2  
  156  14:38  Ghost  
  147  14:43  Orbital Command  
  146  14:48  Siege Tank x2  
  146  14:50  Liberator x2  
  146  14:51  Liberator  
  146  14:52  Factory Tech Lab  
  148  14:56  Starport Tech Lab x2  
  148  14:57  Starport Tech Lab, Advanced Ballistics  
  148  14:59  Liberator x3  
  148  15:06  Ghost x2  
  161  15:15  Ghost  
  161  15:18  Nuke  
  172  15:24  Orbital Command x2  
  172  15:31  Refinery  
  172  15:32  Refinery  
  172  15:33  Liberator x2  
  166  15:41  Liberator  
  159  15:47  Ghost x3  
  161  15:50  Siege Tank  
  161  15:51  Siege Tank  
  176  16:05  SCV x4  
  176  16:06  SCV  
  176  16:07  SCV  
  182  16:15  Ghost  
  182  16:16  Ghost  
  184  16:19  Command Center  
  184  16:24  Planetary Fortress  
  184  16:26  Refinery, SCV  
  184  16:27  SCV x4  
  184  16:28  SCV x4  
  184  16:31  SCV  
  184  16:32  Command Center  
  194  16:34  Ghost  
  194  16:39  SCV  
  197  16:43  SCV  
  197  16:44  Ghost  
  200  16:49  Orbital Command  
  192  17:06  Liberator x2  
  192  17:07  Liberator  
  187  17:17  Ghost x2  
  187  17:22  Ghost  
  198  17:32  Command Center  
  198  17:34  Command Center  
  198  17:38  Refinery  
  198  17:46  Ghost  
  198  17:47  Ghost  
  198  17:49  Supply Depot  
  198  17:50  Ghost  
  200  17:56  Barracks  
  200  17:59  Barracks x2  
  200  18:00  Nuke  
  200  18:01  Nuke x2  
  180  18:27  Ghost x3  
  197  18:41  Missile Turret  
  197  18:47  Barracks Tech Lab  
  197  18:48  Barracks Tech Lab x2  
Show
View Real Time Build Order
Export as new Build Order

Axis Terran 

Build Orders: Reaper Expand, MMM Bio 

Get SALT Encoding   

  12  0:00  SCV  
  13  0:12  SCV  
  14  0:17  Supply Depot  
  14  0:25  SCV  
  15  0:38  SCV  
  15  0:42  Barracks  
  16  0:45  Refinery  
  16  0:50  SCV  
  17  1:03  SCV  
  18  1:15  SCV  
  19  1:29  Orbital Command, Reaper  
  20  1:43  Command Center  
  20  1:54  Supply Depot  
  20  1:56  SCV  
  21  2:01  Reaper  
  22  2:08  SCV  
  22  2:10  Refinery  
  23  2:21  SCV  
  24  2:23  Factory  
  24  2:33  SCV  
  25  2:43  Barracks Reactor  
  25  2:45  SCV  
  26  2:56  Orbital Command  
  26  2:57  SCV  
  27  3:04  Engineering Bay  
  27  3:06  Cyclone  
  27  3:09  SCV  
  29  3:21  SCV  
  29  3:23  Marine x2  
  33  3:27  Starport  
  33  3:34  SCV  
  33  3:37  SCV  
  33  3:41  Cyclone, Marine x2  
  37  3:46  SCV  
  40  3:50  SCV  
  40  3:52  Missile Turret  
  41  3:59  SCV  
  41  4:00  Marine  
  41  4:01  Marine  
  44  4:06  SCV  
  43  4:11  SCV  
  42  4:18  Cyclone, SCV  
  46  4:30  Supply Depot  
  46  4:31  Viking, Marine x2, SCV x2  
  52  4:43  SCV  
  53  4:48  SCV  
  53  4:50  Supply Depot  
  53  4:51  Factory Tech Lab  
  53  4:52  Marine  
  56  4:53  Marine  
  56  4:56  SCV  
  56  4:58  Command Center  
  57  5:01  Terran Infantry Weapons Level 1  
  57  5:05  SCV  
  58  5:08  SCV  
  58  5:09  Viking  
  61  5:14  Refinery  
  61  5:16  Siege Tank  
  61  5:17  SCV  
  61  5:20  SCV  
  66  5:28  Marine  
  66  5:29  Marine, SCV  
  66  5:31  Barracks  
  66  5:32  SCV  
  70  5:38  Refinery  
  70  5:41  Starport Reactor  
  70  5:42  Supply Depot  
  70  5:44  Supply Depot  
  70  5:49  Barracks  
  70  5:56  Engineering Bay  
  70  5:58  Factory Tech Lab  
  72  6:04  SCV x2  
  72  6:11  Marine  
  72  6:12  Stimpack  
  72  6:16  SCV x2  
  75  6:18  Supply Depot  
  75  6:28  SCV x2  
  75  6:29  Terran Infantry Armor Level 1  
  75  6:31  Barracks  
  75  6:32  Starport Reactor  
  77  6:33  Armory, Barracks  
  77  6:40  SCV x2  
  77  6:41  Orbital Command  
  77  6:44  Marauder  
  81  6:51  Marine x2  
  81  6:52  SCV  
  81  6:53  SCV  
  85  6:57  Supply Depot  
  85  7:03  Marine x2  
  85  7:04  SCV  
  85  7:05  SCV  
  85  7:08  Supply Depot, SCV  
  90  7:11  Marine x2  
  90  7:12  Marauder  
  90  7:13  Medivac x2  
  98  7:16  SCV  
  98  7:17  Siege Tank  
  98  7:18  SCV  
  103  7:23  Supply Depot  
  103  7:27  Barracks Tech Lab x2  
  103  7:37  Marauder, Marine x4  
  86  7:39  SCV x2  
  75  7:44  SCV  
  75  7:51  SCV x2  
  76  7:56  SCV  
  76  7:57  Combat Shields, Concussive Shells, Marauder x2  
  81  7:58  Marauder  
  81  8:03  SCV x2  
  81  8:05  Terran Infantry Weapons Level 2  
  83  8:08  Marine x3, SCV  
  83  8:10  Marine  
  88  8:15  SCV x2  
  88  8:16  Medivac  
  88  8:19  Medivac  
  94  8:20  SCV  
  94  8:25  Terran Infantry Armor Level 2  
  95  8:27  SCV x2  
  95  8:28  Marauder  
  95  8:32  SCV  
  100  8:35  Marauder x2, Marine x2  
  100  8:41  SCV x2  
  107  8:46  SCV  
  108  8:50  Marauder  
  108  8:51  Marine x2  
  111  8:55  Marine x2  
  111  8:56  Marauder x2  
  111  8:57  SCV  
  111  8:58  SCV  
  119  9:04  Medivac x2  
  119  9:05  Siege Tank  
  119  9:08  Supply Depot  
  119  9:09  Supply Depot  
  126  9:12  Refinery  
  126  9:13  Refinery  
  126  9:14  Supply Depot  
  126  9:21  SCV x2  
  127  9:26  Marauder x3, Marine  
  127  9:29  Marine x2  
  135  9:37  Missile Turret  
  135  9:47  Supply Depot  
  135  9:48  Supply Depot  
  135  9:51  Terran Vehicle And Ship Armor Level 1  
  135  9:52  Marauder x3, Marine x4  
  143  9:55  Medivac x2  
  149  10:03  Command Center  
  149  10:12  Barracks  
  149  10:13  Barracks  
  149  10:14  Barracks  
  149  10:16  Sensor Tower  
  149  10:22  Marauder x3, Marine x4  
  149  10:26  Supply Depot  
  159  10:33  Missile Turret  
  159  10:39  Marine  
  159  10:41  Missile Turret  
  160  10:43  Marauder  
  160  10:44  Missile Turret  
  160  10:46  Missile Turret  
  162  10:51  Supply Depot  
  162  10:52  Supply Depot  
  162  10:56  Terran Infantry Weapons Level 3, Terran Infantry Armor Level 3  
  162  11:11  Sensor Tower  
  162  11:12  Missile Turret  
  162  11:17  Planetary Fortress  
  146  11:22  SCV x2  
  146  11:23  SCV  
  148  11:34  SCV  
  148  11:35  SCV  
  148  11:38  SCV  
  151  11:44  Marauder x3, Marine x4  
  158  11:51  Medivac x2  
  161  11:57  Barracks Tech Lab x2, Barracks Reactor  
  160  12:07  Marauder x3, Marine x2  
  160  12:08  Marine x2  
  161  12:21  Missile Turret  
  159  12:24  Marauder  
  159  12:25  Marauder, Marine x2  
  159  12:28  Marauder  
  159  12:29  Marauder x2  
  168  12:39  Marine x4  
  168  12:46  Marauder x2  
  168  12:48  Marine x2  
  168  12:49  Medivac x2  
  168  12:50  Marauder x3  
  184  12:57  Marine  
  185  13:07  Marauder  
  187  13:23  Command Center  
  187  13:28  Marauder x2  
  187  13:29  Marauder x2, Marine x2  
  172  14:16  Marauder x4, Marine  
  172  14:17  Marauder, Marine x2  
  145  14:38  Marauder  
  116  14:40  Marauder x4, Marine x2  
  116  14:41  Marine x2  
  122  14:49  SCV x3  
  120  14:56  Marine x2, Siege Tank  
  120  14:57  Medivac x2  
  120  14:59  Marauder  
  131  15:01  SCV x2  
  131  15:02  Marauder x3  
  139  15:08  Marauder, Marine x3  
  144  15:20  Marauder  
  146  15:23  Marauder x2  
  147  15:35  Marauder x2, Marine x5  
  141  15:37  SCV x2  
  141  15:42  Marauder  
  141  15:44  Marauder  
  141  15:47  Marauder  
  141  15:49  Planetary Fortress  
  141  15:56  Marauder x2  
  145  15:59  Viking x2  
  145  16:03  Marauder  
  149  16:19  Command Center  
  149  16:29  Missile Turret  
  149  16:32  Missile Turret  
  149  16:33  Viking, Siege Tank  
  149  16:34  Viking  
  149  16:35  Marauder x5  
  149  16:37  Marine x4  
  149  16:38  Marine  
  167  17:02  Command Center  
  167  17:11  Marauder  
  167  17:12  Marauder x2  
  143  17:29  SCV x3  
  142  17:38  Planetary Fortress  
  142  17:41  SCV  
  143  17:48  Marauder x5, Marine  
  143  17:49  Marine  
  151  18:00  SCV x2  
  151  18:03  Missile Turret  
  106  18:28  Marauder x4, Marine x2  
  93  18:36  Marauder, Marine x2  
  93  18:41  Marine x2  
Tags
 
Composition
MMM BioMech
Matchup
TvT
Race
Terran
Spawn Locations
Cross Positions
Add a new tag
Caveats
  • Supply blocks, unpowered buildings, or Contaminate may cause inaccurate times.
  • Supply counts are checked every 10 seconds.